Tangles, neutral female sylph Healer --- ---- --.----..-- |...||....| --.--|..)-- |...|...-- --- ----- ---......| ---.- --...--- -.....-- . ----|....| |......--.....-| ---.- --..--.|.- --.............| |...-- |......-- --E...........---.-...- ---.--.--.-- --.@...................| |..........| |.d..|.... ......(....- ---.--.......| .--..-----..........---.-- |...........-- ......| |<.......-- --.---.--.........-- .....%--- |...--..-- --.....||....|.....| ......[.----------------....----...----..-- ............................| |...-- |..| ...?--...------..-------...| -...| --- - --..| ---- --.-- |..- ---- --- --- Tangles the Rhizotomist Experience level: 1 Strength: 11 Dexterity: 9 Constitution: 14 Intelligence: 11 Wisdom: 15 Charisma: 16 Health: 0(13) Energy: 7(7) Def: 0 Gold: 1322 Moves: 1135 Dungeon seed: ool078YhQWaFfbUh Game ID: Tangles_1470654326 Your Inventory: Coins $ - 1322 gold pieces Weapons q - a +0 scalpel (weapon in hand) Armor e - an uncursed +1 pair of leather gloves n - an uncursed +0 pair of jumping boots Comestibles a - a blessed eucalyptus leaf named skippy l - 8 blessed eucalyptus leaves m - 4 uncursed apples v - an uncursed egg Scrolls u - an uncursed scroll of scare monster x - an uncursed scroll of scare monster z - an uncursed scroll of teleportation Spellbooks i - a blessed spellbook of healing j - a blessed spellbook of extra healing k - a blessed spellbook of stone to flesh Potions b - 2 blessed potions of healing d - 2 uncursed potions of healing f - 3 uncursed potions of extra healing g - a blessed potion of extra healing o - an uncursed potion of gain energy t - an uncursed potion of see invisible w - an uncursed potion of blindness Wands h - a wand of sleep (0:4) Tools c - an uncursed stethoscope p - a magic harp (0:0) r - an uncursed brass lantern (0:1095) A - an uncursed wax candle (0:400) B - an uncursed partly used wax candle (lit) (0:195) D - 2 blessed tallow candles (0:200) Gems y - 2 uncursed worthless pieces of red glass N - an uncursed turquoise stone Spells and supernatural/magical abilities: Name Level Category Fail Memory h - healing 1 healing 0% 95% x - extra healing 3 healing 91% 95% S - stone to flesh 3 healing 96% 95% W - pray for help -- divine ? -- Your skills at the end: Miscellaneous Skills wands [Basic] Weapon Skills knife [Basic] Spellcasting Skills healing spells [Basic] Final Attributes: You were devoutly aligned. You were poison resistant. You saw invisible. You were protected from shape changers. You are dead. Vanquished creatures: a shrieker a gnome lord a dwarf a dwarf zombie a hobbit a giant rat 6 gnomes a gnome zombie 7 jackals a fox 3 newts a grid bug 2 lichens a kobold zombie 28 creatures vanquished. Voluntary challenges: You followed a strict vegan diet. You did not adorn yourself with jewelry or accessories. You used a wielded weapon 12 times, starting on turn 16. You did not use containers. You did not apply a unicorn horn. You were illiterate. You never genocided any monsters. You never polymorphed an object. You never changed form. You used no wishes. You never split a pudding. You never wrote Elbereth's name. You never violated your personal moral code. Dungeon overview: The Dungeons of Doom: levels 1 to 5 Level 1 an altar to Hermes, a sink a long staircase Level 2 (locked shop) a fountain Level 3 Level 4 stairs to The Gnomish Mines Level 5 The Gnomish Mines: Level 5 <- You were here stairs to The Dungeons of Doom History has recorded: On T:1 you entered the Dungeons of Doom to retrieve the Amulet of Yendor! On T:103 you reached level 2 of The Dungeons of Doom. On T:164 you reached level 3 of The Dungeons of Doom. On T:512 you reached level 4 of The Dungeons of Doom. On T:851 you reached level 5 of The Dungeons of Doom. On T:890 you reached level 1 of The Gnomish Mines. Score breakdown: Gold: 227 ( 22 points) Experience: 1 level ( 0 points) Exploration: 5 levels ( 120 points) Discoveries: 1 item ( 50 points) Variety of kills: 14 monsters ( 700 points) Major goal: (nothing yet) ( 0 points) Survival: died (score multiplied by 3) Total score: 2676 Latest messages: Status of the werejackal (chaotic): Level 2 HP 11(12) Def 0. The werejackal changes into a jackal. The werejackal claws you! The werejackal changes into a human. You displace SplatDog. You see here a hobbit corpse. The werejackal punches you! Status of the werejackal (chaotic): Level 2 HP 12(12) Def 0. You hack the werejackal. The werejackal is lightly wounded. The werejackal punches you! You hack the werejackal. The werejackal is lightly wounded. The werejackal punches you! You hack the werejackal. The werejackal is moderately wounded. The werejackal punches you! You die... Final status: Goodbye Tangles the Healer, killed by a werejackal... You died in The Gnomish Mines on dungeon level 5 with 2676 points, and 1322 pieces of gold, after 1135 moves. You were level 1 with a maximum of 13 hit points when you died.